Map: Catalyst LE

Players

GOStephano (Stephano) - Winner!

  • Race: Zerg Zerg
  • Spawn Location: 5:00

Epic

  • Race: Terran Terran
  • Spawn Location: 11:00

Event: WCS Austin 2018

VOD

Have the link to the VOD?

Description

Time

  • Played on: June 1, 2018, 4:49 p.m.
  • Length: 12:07

All games in this series

Show
View Real Time Build Order
Export as new Build Order

GOStephano Zerg - Winner!

Build Orders: Pool First 

Get SALT Encoding   

  12  0:00  Drone  
  13  0:13  Overlord  
  13  0:17  Drone  
  14  0:31  Drone x2  
  16  0:41  Spawning Pool  
  15  0:45  Drone  
  15  0:48  Drone  
  17  1:09  Hatchery  
  16  1:12  Drone  
  17  1:25  Extractor  
  17  1:28  Zergling x4  
  17  1:29  Zergling x2  
  19  1:33  Queen  
  21  1:40  Overlord  
  21  1:51  Drone  
  22  2:02  Drone  
  23  2:08  Queen  
  23  2:13  Drone  
  26  2:21  Drone, Queen  
  29  2:23  Overlord  
  29  2:36  Drone x2  
  30  2:51  Drone x3  
  31  2:54  Metabolic Boost  
  31  2:55  Drone  
  31  2:56  Drone x2  
  34  3:09  Hatchery  
  33  3:13  Drone  
  33  3:18  Queen  
  36  3:22  Zergling x4  
  36  3:25  Drone  
  36  3:26  Drone  
  40  3:30  Overlord  
  40  3:32  Drone  
  41  3:35  Zergling x2  
  41  3:36  Zergling x2  
  41  3:38  Drone  
  44  3:45  Overlord  
  44  3:49  Drone x2  
  44  3:53  Drone x2  
  48  3:57  Queen  
  48  3:58  Drone  
  51  4:04  Drone x3  
  51  4:06  Drone x2  
  56  4:11  Drone  
  56  4:16  Zergling x4  
  59  4:26  Evolution Chamber, Queen  
  59  4:27  Evolution Chamber  
  59  4:28  Drone x2  
  59  4:29  Drone x2  
  63  4:36  Drone x3  
  66  4:38  Overlord  
  65  4:53  Drone  
  65  4:55  Zerg Ground Armor Level 1  
  65  4:57  Overlord x2  
  66  5:00  Spore Crawler x2  
  66  5:01  Drone  
  66  5:02  Drone  
  66  5:03  Zerg Melee Weapons Level 1  
  66  5:04  Queen x2  
  70  5:08  Drone x2, Extractor  
  70  5:11  Extractor  
  70  5:16  Zergling x12  
  76  5:25  Drone x3  
  76  5:26  Drone  
  76  5:28  Spore Crawler  
  79  5:29  Drone x3  
  79  5:30  Drone  
  79  5:31  Drone x2  
  85  5:39  Lair  
  85  5:40  Drone x2  
  87  5:55  Drone  
  87  5:57  Hatchery x2  
  87  5:59  Baneling Nest, Zergling x6  
  87  6:00  Zergling x2  
  88  6:04  Zergling x2  
  88  6:05  Overlord  
  88  6:06  Overlord  
  82  6:18  Zergling x4  
  82  6:19  Zergling x14  
  82  6:22  Zergling x2  
  82  6:24  Overlord  
  90  6:27  Overlord  
  90  6:28  Zergling x10  
  94  6:35  Zergling x4  
  96  6:42  Zergling x4  
  96  6:44  Extractor  
  96  6:47  Zergling x4, Extractor  
  97  6:48  Extractor  
  97  6:51  Zerg Ground Armor Level 2  
  98  6:54  Zergling x8  
  95  7:06  Zerg Melee Weapons Level 2  
  95  7:07  Drone x3  
  95  7:08  Drone x4  
  99  7:11  Drone x3  
  103  7:18  Drone x2  
  103  7:19  Drone x3  
  108  7:39  Zergling x16  
  108  7:40  Zergling x10  
  108  7:43  Centrifical Hooks  
  121  7:44  Hydralisk Den  
  121  7:45  Infestation Pit, Drone x3  
  122  7:55  Baneling x4  
  122  7:56  Overlord, Baneling x3  
  122  8:00  Drone  
  122  8:01  Drone x6  
  122  8:02  Drone x2  
  130  8:14  Drone x3  
  130  8:15  Muscular Augments  
  130  8:16  Hydralisk x4  
  130  8:17  Hatchery  
  130  8:18  Overlord x2  
  140  8:25  Overlord, Queen, Extractor  
  141  8:27  Extractor  
  141  8:28  Overlord  
  140  8:34  Overlord  
  140  8:36  Overlord  
  140  8:43  Drone x2, Hydralisk x7  
  140  8:47  Hive  
  156  9:02  Zergling x12  
  162  9:03  Zergling x22  
  171  9:11  Zerg Missile Weapons Level 1  
  171  9:17  Hydralisk  
  171  9:18  Hydralisk x4  
  171  9:20  Overlord x2  
  181  9:43  Zergling x2  
  181  9:44  Zergling x32  
  198  9:51  Zergling x4  
  200  9:56  Baneling x8  
  200  9:57  Baneling x11  
  199  10:01  Zergling x2  
  199  10:02  Overlord  
  167  10:18  Zergling x24  
  167  10:19  Zergling x14  
  169  10:27  Drone x8  
  177  10:35  Hydralisk x5  
  168  10:41  Zergling x2  
  168  10:42  Zergling x12  
  172  10:48  Hydralisk  
  154  10:51  Queen  
  154  10:56  Hydralisk  
  154  10:57  Hydralisk x5  
  161  11:04  Hatchery  
  161  11:11  Hydralisk x7  
  167  11:27  Baneling x7  
  158  11:40  Zergling x18  
  158  11:41  Zergling x18  
Show
View Real Time Build Order
Export as new Build Order

Epic Terran 

Build Orders: Reaper Expand, Bio Tank 

Get SALT Encoding   

  12  0:00  SCV  
  13  0:12  SCV  
  14  0:17  Supply Depot  
  14  0:25  SCV  
  15  0:38  SCV  
  15  0:40  Barracks  
  16  0:44  Refinery  
  16  0:50  SCV  
  17  1:02  SCV  
  18  1:15  SCV  
  19  1:27  Orbital Command, Reaper  
  20  1:41  Command Center  
  20  1:50  Supply Depot  
  20  1:53  SCV  
  21  1:59  Marine  
  22  2:05  SCV  
  23  2:14  Factory  
  23  2:17  SCV  
  24  2:23  Barracks Reactor  
  24  2:29  SCV  
  25  2:43  SCV  
  25  2:56  SCV  
  25  2:57  Command Center  
  27  3:05  Hellion  
  27  3:08  SCV  
  28  3:13  Hellion  
  30  3:20  Orbital Command  
  30  3:22  SCV  
  30  3:25  Barracks Tech Lab  
  31  3:34  SCV  
  31  3:38  Barracks  
  32  3:41  Barracks  
  32  3:43  Factory Reactor  
  32  3:47  SCV  
  32  3:48  SCV  
  34  3:53  Stimpack  
  34  3:57  Refinery  
  34  3:59  SCV  
  34  4:01  Marine  
  34  4:02  SCV  
  37  4:10  Engineering Bay  
  37  4:11  SCV  
  37  4:14  SCV  
  37  4:15  Engineering Bay  
  39  4:20  Orbital Command  
  39  4:23  SCV  
  40  4:26  SCV  
  40  4:28  Marine x2  
  43  4:35  Marine x2  
  43  4:36  Starport  
  45  4:39  Factory Reactor  
  45  4:40  SCV  
  45  4:42  SCV  
  45  4:50  SCV  
  45  4:52  Terran Infantry Weapons Level 1, SCV  
  45  4:58  Marine, Supply Depot  
  45  4:59  Supply Depot, Marine x2  
  46  5:03  Terran Infantry Armor Level 1  
  46  5:05  SCV  
  46  5:06  SCV  
  49  5:07  SCV  
  49  5:12  Refinery, Marine x2  
  52  5:16  Marine  
  52  5:18  SCV x2  
  52  5:19  Marine, SCV  
  57  5:23  Marine  
  57  5:26  Medivac  
  57  5:27  Refinery  
  60  5:31  SCV  
  60  5:32  SCV  
  60  5:35  Medivac  
  64  5:36  Marine x3  
  64  5:37  Marine  
  64  5:38  Factory Tech Lab  
  64  5:40  Marine  
  69  5:43  SCV  
  69  5:44  Supply Depot, SCV  
  71  5:54  Marine  
  71  5:55  Supply Depot, SCV  
  71  5:56  Siege Tank, SCV  
  71  5:57  Orbital Command  
  77  6:01  Barracks  
  77  6:04  Combat Shields  
  77  6:07  Barracks  
  77  6:14  Marine x3  
  77  6:15  SCV x2  
  80  6:25  SCV  
  80  6:26  Armory  
  80  6:27  SCV x2  
  81  6:34  Marine x2, Siege Tank  
  81  6:37  SCV  
  81  6:39  SCV  
  89  6:40  SCV  
  89  6:49  Supply Depot, SCV  
  89  6:52  SCV  
  91  6:54  SCV  
  86  7:01  Marine x2, SCV  
  86  7:02  Barracks Reactor x2, Marine x2  
  86  7:03  Medivac, Marine  
  93  7:09  SCV  
  93  7:11  SCV  
  93  7:13  Refinery  
  93  7:15  Refinery  
  93  7:16  SCV  
  93  7:20  Terran Infantry Weapons Level 2  
  93  7:21  SCV  
  92  7:23  SCV  
  92  7:25  Supply Depot  
  92  7:26  Supply Depot  
  93  7:35  Siege Tank, SCV x2, Terran Infantry Armor Level 2  
  93  7:36  Supply Depot  
  90  7:37  Supply Depot  
  90  7:39  Marine x3  
  93  7:47  Marauder, Marine x5  
  93  7:48  Medivac  
  93  7:50  Supply Depot  
  102  7:57  Marine x3, Factory  
  105  8:04  Marine x3  
  105  8:05  Marine x2  
  110  8:06  Medivac, Supply Depot  
  110  8:07  Concussive Shells, Supply Depot  
  110  8:10  Marine  
  113  8:14  Marine  
  113  8:15  Marine x2, Siege Tank  
  113  8:17  Terran Vehicle Weapons Level 1  
  119  8:21  Supply Depot  
  119  8:22  Marine x4  
  119  8:24  Marine  
  124  8:27  Marine  
  124  8:30  Medivac  
  124  8:32  Marine  
  124  8:33  Marine x2  
  130  8:36  Medivac  
  130  8:40  Marine x3  
  130  8:41  Factory Tech Lab  
  135  8:43  Command Center  
  135  8:48  Marine x2  
  135  8:50  Marauder, Marine, Siege Tank  
  135  8:55  Supply Depot x2  
  143  8:59  Siege Tank  
  146  9:06  Marine x3  
  148  9:13  Supply Depot  
  148  9:14  Barracks  
  148  9:15  Barracks  
  148  9:17  Barracks  
  148  9:19  Medivac x2  
  148  9:22  Siege Tank  
  155  9:27  Marine  
  155  9:28  Marauder, Marine x3  
  155  9:29  Marine x2  
  155  9:30  Marine x2  
  162  9:36  Siege Tank  
  165  9:45  Marine  
  158  9:46  Marine  
  158  9:49  Marauder, Marine x5  
  158  9:50  Marine  
  168  9:54  Siege Tank  
  171  10:01  Medivac x2  
  171  10:03  Marine x2  
  173  10:07  Marine x3  
  173  10:11  Marauder  
  142  10:15  Marine x3  
  142  10:20  Siege Tank  
  142  10:21  Marine x2  
  111  10:25  Marine x2  
  111  10:26  Barracks Tech Lab x3  
  113  10:30  Marine  
  113  10:32  Marauder  
  113  10:33  Marine x3  
  118  10:39  Marine  
  109  10:43  Medivac x2  
  109  10:44  Marine  
  109  10:45  Marauder  
  109  10:49  Marine x5  
  106  10:50  Marine  
  106  10:52  Marine x2  
  106  10:54  Marauder  
  105  11:01  Siege Tank x2  
  103  11:06  Marauder  
  103  11:08  Marauder  
  100  11:11  Marine  
  100  11:12  Marine x6  
  100  11:15  Marauder  
  109  11:26  Marine  
  109  11:30  Marine x5  
  115  11:33  Siege Tank x2  
  115  11:39  Marine x2  
  109  11:40  Marine x2  
Tags
 
Add a new tag
Caveats
  • Supply blocks, unpowered buildings, or Contaminate may cause inaccurate times.
  • Supply counts are checked every 10 seconds.